 Dungeon Crawl Stone Soup version 0.29.0-11-gd7f09526c8 (webtiles) character file.

Game seed: 15320664546815861225

4 Lochraine the Chiller (level 1, 0/13 HPs)
             Began as a Merfolk Ice Elementalist on Sept 5, 2022.
             Slain by a kobold
             ... wielding a +0 club
              (3 damage)
             ... on level 1 of the Dungeon.
             The game lasted 00:00:44 (162 turns).

Lochraine the Chiller (Merfolk Ice Elementalist)     Turns: 162, Time: 00:00:45

Health: 0/13       AC:  2    Str:  8    XL:     1   Next: 70%
Magic:  1/3        EV: 12    Int: 14    God:
Gold:   17         SH:  5    Dex: 14    Spells: 3/4 levels left

rFire   . . .      SeeInvis .   d - +0 war axe
rCold   . . .      Faith    .   (no shield)
rNeg    . . .      Spirit   .   a - +0 robe
rPois   .          Reflect  +   (no helmet)
rElec   .          Harm     .   (no cloak)
rCorr   .          Rampage  .   (no gloves)
Will    .....                   (no boots)
Stlth   ++........              e - amulet of reflection
HPRegen 0.04/turn               (no ring)
MPRegen 0.08/turn               (no ring)

@: no status effects
A: (nimble swimmer 2), mertail
a: no special abilities


You were on level 1 of the Dungeon.
You visited 1 branch of the dungeon, and saw 1 of its levels.

You collected 17 gold pieces.

Inventory:

Hand Weapons
 d - a +0 war axe (weapon)
   (You found it on level 1 of the Dungeon)
Armour
 a - a +0 robe (worn)
Jewellery
 e - an amulet of reflection (around neck)
   (You found it on level 1 of the Dungeon)
Potions
 b - a potion of magic
 c - a potion of degeneration {unknown}


   Skills:
 - Level 2.6 Dodging
 - Level 2.1 Stealth
 + Level 2.2 Spellcasting
 + Level 4.5 Ice Magic


You had 3 spell levels left.
You knew the following spells:

 Your Spells              Type           Power      Damage    Failure   Level
a - Freeze                Ice            56%        1d7       3%          1

Your spell library contained the following spells:

 Spells                   Type           Power      Damage    Failure   Level
 Frozen Ramparts          Ice            28%        1d5       11%         3
 Ozocubu's Armour         Ice            14%        N/A       11%         3
 Hailstorm                Conj/Ice       7%         3d4       67%         4


Dungeon Overview and Level Annotations

Branches:
Dungeon (1/15) Zot: 5835

Altars:


Innate Abilities, Weirdness & Mutations

((You are very nimble when in or above water. (Stealth+, EV+, Speed+++)))
Your lower body shifts to a powerful aquatic tail in water.


Message History

The bat hits you but does no damage.
Aim: a bat (moderately wounded)
You freeze the bat.
You kill the bat!
A kobold comes into view. It is wielding a +0 whip.
The helpless kobold fails to defend itself.
You hit the kobold.
You kill the kobold!
A rat comes into view.
A rat is nearby!
A rat comes into view.
Found a stone staircase leading down.
Found 7 gold pieces.
The helpless rat fails to defend itself.
You slash the rat!
You kill the rat!
Aim: a rat You freeze the rat.
You kill the rat!
A kobold and a bat come into view.
The bat hits you but does no damage.
You barely miss the bat.
The kobold shouts!
The bat closely misses you.
A quokka comes into view.
A hobgoblin comes into view.
Aim: a bat You freeze the bat.
You kill the bat!
The kobold throws a stone.
The stone barely misses you.
The kobold throws a stone.
You reflect the stone off an invisible shield around you!
The stone completely misses the kobold.
The stone hits the hobgoblin.
Aim: a quokka You freeze the quokka.
You kill the quokka!
The kobold throws a stone.
The stone barely misses you.
You can't see any susceptible monsters within range! (Use Z to cast anyway.)
The kobold throws a stone.
The stone hits you. The kobold hits you with a +0 club.
You see here a quokka corpse.
You closely miss the hobgoblin. You closely miss the kobold.
The kobold barely misses you. You block the hobgoblin's attack.
The kobold hits you with a +0 club.
* * * LOW HITPOINT WARNING * * *
The hobgoblin barely misses you. The hobgoblin attacks as you move away!
The hobgoblin hits you.
* * * LOW HITPOINT WARNING * * *
Aim: a kobold, wielding a +0 club and quivering stones You freeze the kobold.
The kobold hits you with a +0 club.
You die...

#.####.##r......#
#..........†....#
######.###.........
#..............#
#...#####......#
#..............#
#..g####.###.###
#)#K####.## ...
###.@.....# ##
###.....# #.....#
#.....# #.....# ###
#.....# #####..
#.....# ###......
#.....###..(⌠....
####.###........⌠


You could see a hobgoblin and a kobold.

Vanquished Creatures
  A quokka (D:1)
  2 bats (D:1)
  A kobold (D:1)
  2 rats (D:1)
6 creatures vanquished.

Notes
Turn   | Place    | Note
-------+----------+-------------------------------------------
     0 | D:1      | Lochraine the Merfolk Ice Elementalist began the quest for
                  | the Orb.
     0 | D:1      | Reached XP level 1. HP: 13/13 MP: 3/3
   162 | D:1      | Slain by a kobold

Illustrated notes

Levels and vault maps discovered:
D:1:      dpeg_arrival_water_temple_mockup, layout_basic, minivault_23

Action                   || total
-------------------------++-------
Melee: War axe           ||     5
 Cast: Freeze            ||     5
 Stab: Sleeping          ||     3
Armor: Robe              ||     3
Dodge: Dodged            ||     6
Block: Other             ||     4
       Reflection        ||     1
